 Dungeon Crawl Stone Soup version 0.31-a0-600-g62dffe198b (webtiles) character file.

Game seed: 2024637342671683788

7858 AdnanSaban the Basher (level 11, 0/69 HPs)
             Began as a Gargoyle Fighter on Aug 21, 2023.
             Was an Elder of Okawaru.
             Slain by a vampire mosquito (6 damage)
             ... on level 10 of the Dungeon.
             The game lasted 00:12:18 (12423 turns).

AdnanSaban the Basher (Gargoyle Fighter)           Turns: 12423, Time: 00:12:19

Health: 0/69       AC: 28    Str: 23    XL:     11   Next: 21%
Magic:  13/13      EV:  7    Int: 10    God:    Okawaru [****..]
Gold:   727        SH:  5    Dex:  9    Spells: 10/10 levels left

rFire   . . .        i - +0 morningstar (drain)
rCold   . . .        c - +0 buckler
rNeg    + . .        t - +0 plate armour
rPois   ∞            (no helmet)
rElec   +            G - +0 cloak
rCorr   +            (no gloves)
SInv    .            (no boots)
Will    .....        (no amulet) Stlth
                     k - ring of resist corrosion
HPRegen 0.31/turn    B - +4 ring of protection
MPRegen 0.13/turn

%: no passive effects
@: no status effects
A: sickness immunity, AC +8, negative energy resistance 1, electricity
resistance, torment resistance 1, petrification resistance
a: Renounce Religion, Heroism, Finesse


You were on level 10 of the Dungeon.
You worshipped Okawaru.
Okawaru was greatly pleased with you.
You visited 2 branches of the dungeon, and saw 12 of its levels.

You collected 727 gold pieces.

Inventory:

Hand Weapons
 i - a +0 morningstar of draining (weapon)
Missiles
 p - 2 curare-tipped darts
 q - 2 throwing nets
 s - 5 poisoned darts (quivered)
 x - 10 boomerangs
Armour
 c - a +0 buckler (worn)
 t - a +0 plate armour (worn)
 G - a +0 cloak (worn)
Jewellery
 k - a ring of resist corrosion (left hand)
 y - a ring of ice
 B - a +4 ring of protection (right hand)
Wands
 F - a wand of mindburst (23)
Scrolls
 a - a scroll of vulnerability {unknown}
 b - a scroll of torment {unknown}
 e - 10 scrolls of identify {unknown}
 f - 5 scrolls of teleportation {unknown}
 g - 3 scrolls of blinking {unknown}
 h - a scroll of fog {unknown}
 l - a scroll of brand weapon {unknown}
 m - 5 scrolls of immolation {unknown}
 n - 3 scrolls of enchant weapon {unknown}
 z - 2 scrolls of fear {unknown}
 D - a scroll of poison {unknown}
 H - a scroll of enchant armour {unknown}
Potions
 d - 2 potions of might
 j - 5 potions of curing {unknown}
 o - 3 potions of mutation {unknown}
 r - 2 potions of cancellation {unknown}
 u - a potion of attraction {unknown}
 v - 3 potions of heal wounds {unknown}
 w - a potion of haste {unknown}
 A - a potion of degeneration {unknown}
 C - 2 potions of magic {unknown}
 E - a potion of lignification {unknown}


   Skills:
 + Level 8.4 Fighting
 + Level 10.8 Maces & Flails
 + Level 0.2 Throwing
 + Level 10.6 Armour
 + Level 1.1 Dodging
 + Level 1.1 Stealth
 + Level 6.9 Shields
 * Level 3.1 Invocations


You had 10 spell levels left.
You didn't know any spells.
Your spell library contained the following spells:

 Spells                   Type           Power      Damage    Failure   Level
 Blink                    Tloc           0%         N/A       100%        2
 Lesser Beckoning         Tloc           0%         N/A       100%        2
 Momentum Strike          Conj/Tloc      0%         3d8       100%        2
 Poisonous Vapours        Pois/Air       0%         N/A       100%        2
 Frozen Ramparts          Ice            0%         1d1       100%        3
 Ignite Poison            Fire/Tmut/Pois 0%         N/A       100%        3
 Mephitic Cloud           Conj/Pois/Air  0%         N/A       100%        3
 Dispel Undead            Necr           0%         3d6       100%        4
 Petrify                  Tmut/Erth      0%         N/A       100%        4
 Freezing Cloud           Conj/Ice/Air   0%         6-21      100%        5
 Metabolic Englaciation   Hex/Ice        0%         N/A       100%        5
 Cigotuvi's Dreadful Rot  Necr/Pois/Air  Unusable   N/A       N/A         2
 Death Channel            Necr           Unusable   N/A       N/A         6

Dungeon Overview and Level Annotations

Branches:
Dungeon (11/15)            Temple (1/1) D:5            Lair (0/5) D:9
    Orc (0/2) D:9

Altars:
Ashenzari
Cheibriados
Dithmenos
Elyvilon
Fedhas
Gozag
Hepliaklqana
Kikubaaqudgha
Makhleb
Nemelex Xobeh
Okawaru
Qazlal
Ru
Sif Muna
Trog
Uskayaw
Vehumet
Wu Jian
Xom
Yredelemnul
Zin
The Shining One

Shops:
D:1 ?   D:4 *

Annotations:
D:6 3 runed translucent doors, Seven7's ghost, novice MiFi
D:11 exclusion: ice statue, Gastronok


Innate Abilities, Weirdness & Mutations

You are immune to sickness and miasma.
Your stone body is resilient. (AC +8)
You are immune to poison.
You resist negative energy. (rN+)
You are resistant to electric shocks. (rElec)
You are resistant to unholy torment.
You are immune to petrification.


Message History

The vampire mosquito bites you but does no damage.
You block the vampire mosquito's attack.
The vampire mosquito bites you but does no damage.
There is a stone staircase leading up here.
The vampire mosquito completely misses you.
The vampire mosquito bites you.
The vampire mosquito bites you but does no damage.
The vampire mosquito closely misses you. x2
You climb upwards.
There is a stone staircase leading down here.
The vampire mosquito bites you but does no damage.
The vampire mosquito completely misses you.
The vampire mosquito bites you but does no damage.
The vampire mosquito bites you.
There is a stone staircase leading down here.
You puncture the vampire mosquito!
The vampire mosquito is heavily damaged.
The vampire mosquito bites you.
* * * LOW HITPOINT WARNING * * *
You block the vampire mosquito's attack. x2
The vampire mosquito bites you but does no damage.
You closely miss the vampire mosquito.
The vampire mosquito is heavily damaged.
The vampire mosquito bites you.
* * * LOW HITPOINT WARNING * * *
The vampire mosquito closely misses you.
You block the vampire mosquito's attack.
The vampire mosquito closely misses you.
You hit the vampire mosquito.
The vampire mosquito is severely damaged.
The vampire mosquito bites you!
* * * LOW HITPOINT WARNING * * *
The vampire mosquito bites you but does no damage.
The vampire mosquito bites you.
* * * LOW HITPOINT WARNING * * *
You closely miss the vampire mosquito.
The vampire mosquito is severely damaged.
The vampire mosquito completely misses you.
The vampire mosquito bites you.
You die...

.................##
..............#.#.##
#......####...####.#####
# ##.##.## #..## ##....#
# #..#..# #.)# ####.## #
##.##'# #).# #.##..#
###♣.♣###.## ##..#..#
#♣...♣#..# ###y.###.#
#.._..#..###y@.##..##
#♣...♣#.....[##....#
#≈♣8♣≈#.....###....#
####≈≈≈≈≈#.....# ##...#
...#≈≈≈≈≈#....## #...#
#### ...##≈≈≈##....#
##..# #...
....#####.....# #..####
###. ..#...........##
#.....# ##
..#..###.......# #....##
#


You could see 2 vampire mosquitoes.

Vanquished Creatures
  Snorg (D:10)
  Maurice (D:8)
  A gargoyle (D:10)
  A rime drake (D:8)
  2 trolls
  Sigmund (D:5)
  4 wyverns
  A vampire (D:11)
  2 steam dragons (D:7)
  Edmund (D:5)
  An acid dragon (D:9)
  A water moccasin (D:9)
  6 orc warriors
  6 ice beasts
  A black bear (D:6)
  An ogre (D:6)
  4 wolves
  7 centaurs
  2 phantoms (D:5)
  4 bullfrogs
  A gnoll sergeant (D:11)
  2 scorpions (D:5)
  5 wights (D:8)
  A howler monkey (D:10)
  An electric eel (D:8)
  3 jellies
  9 orc priests
  4 hounds
  2 sleepcaps
  6 iguanas
  14 orc wizards
  4 gnolls (D:11)
  10 adders
  A shadow imp (D:5)
  4 white imps
  4 ufetubi
  A worm (D:4)
  2 dart slugs
  53 orcs
  3 ball pythons
  16 endoplasms
  4 giant cockroaches
  7 goblins
  6 hobgoblins
  3 jackals (D:1)
  12 kobolds
  4 quokkas
  6 frilled lizards
  4 rats
240 creatures vanquished.

Notes
Turn   | Place    | Note
-------+----------+-------------------------------------------
     0 | D:1      | AdnanSaban the Gargoyle Fighter began the quest for the
                  | Orb.
     0 | D:1      | Reached XP level 1. HP: 14/14 MP: 1/1
   224 | D:1      | Reached XP level 2. HP: 14/19 MP: 2/2
   581 | D:1      | Found The Oracle's Delphic Readings.
   977 | D:2      | Reached XP level 3. HP: 24/24 MP: 3/3
  1299 | D:2      | Reached XP level 4. HP: 29/29 MP: 4/4
  1554 | D:2      | Found a faded altar of an unknown god.
  2019 | D:3      | Reached XP level 5. HP: 26/33 MP: 5/5
  2589 | D:4      | Found Gozag's Platinum Reserve.
  2591 | D:4      | Found an opulent altar of Gozag.
  2904 | D:4      | Reached XP level 6. HP: 39/39 MP: 6/6
  3278 | D:4      | Found a bloodstained altar of Trog.
  3386 | D:5      | Entered Level 5 of the Dungeon
  3547 | D:5      | Noticed a rust devil
  3574 | D:5      | Reached skill level 5 in Maces & Flails
  3659 | D:5      | Reached skill level 5 in Fighting
  3669 | D:5      | Reached XP level 7. HP: 44/44 MP: 7/7
  3836 | D:5      | Noticed an angel
  4070 | D:5      | Reached skill level 5 in Armour
  4209 | D:5      | Reached XP level 8. HP: 43/50 MP: 8/8
  4301 | D:5      | Noticed Sigmund
  4313 | D:5      | Killed Sigmund
  4326 | D:5      | Noticed Edmund
  4344 | D:5      | Killed Edmund
  4427 | D:5      | Identified the +0 ring mail of Asceticism {rC+ Will+ Str+4
                  | Slay+2}
  4504 | D:5      | Found a staircase to the Ecumenical Temple.
  5210 | D:6      | Found a runed translucent gate.
  5210 | D:6      | Found a runed translucent gate.
  5211 | D:6      | Found a runed translucent gate.
  5213 | D:6      | Noticed Seven7's ghost (novice MiFi)
  5462 | D:6      | Found an ancient bone altar of Kikubaaqudgha.
  5492 | D:6      | Reached XP level 9. HP: 56/56 MP: 9/9
  5611 | Temple   | Entered the Ecumenical Temple
  5622 | Temple   | Became a worshipper of Warmaster Okawaru
  5990 | D:7      | Reached skill level 5 in Shields
  6288 | D:7      | Reached * piety under Okawaru
  6863 | D:7      | Found a glowing golden altar of the Shining One.
  7054 | D:7      | Found a large runed translucent door.
  7073 | D:7      | Found a large runed translucent door.
  7379 | D:7      | Found a shimmering altar of Xom.
  7390 | D:7      | Found a broken altar of Ashenzari.
  7513 | D:8      | Reached ** piety under Okawaru
  7752 | D:8      | Reached XP level 10. HP: 51/63 MP: 10/10
  7957 | D:8      | Noticed Maurice
  7972 | D:8      | Killed Maurice
  8191 | D:8      | Reached skill level 1 in Dodging
  9005 | D:8      | Reached *** piety under Okawaru
  9081 | D:9      | Reached skill level 10 in Maces & Flails
  9482 | D:9      | Found a staircase to the Lair.
  9509 | D:9      | Reached skill level 10 in Armour
 10369 | D:9      | Found a shadowy altar of Dithmenos.
 10380 | D:9      | Reached skill level 1 in Stealth
 10489 | D:9      | Found a staircase to the Orcish Mines.
 10753 | D:10     | Entered Level 10 of the Dungeon
 11042 | D:10     | Found a burning altar of Makhleb.
 11051 | D:10     | Noticed a balrug
 11242 | D:10     | Noticed a gargoyle
 11264 | D:10     | Killed a gargoyle
 11265 | D:10     | Reached skill level 1 in Invocations
 11265 | D:10     | Reached XP level 11. HP: 19/68 MP: 11/11
 11309 | D:10     | Noticed Snorg
 11331 | D:10     | Killed Snorg
 11331 | D:10     | Reached **** piety under Okawaru
 11993 | D:10     | Found a hazy altar of Hepliaklqana.
 12371 | D:11     | Noticed a cyclops
 12378 | D:11     | Noticed Gastronok
 12423 | D:10     | Slain by a vampire mosquito

Illustrated notes

Levels and vault maps discovered:
D:1:      kennysheep_arrival_forest, layout_loops_ring,
          nicolae_nh_oracle_at_delphi
D:2:      layout_loops_ring, dreamdust_ecumenical_altar_angels_and_demons,
          minmay_pentomino_pile
D:3:      layout_basic
D:4:      cheibrodos_fertilizer, layout_loops_corners,
          mainiacjoe_overflow_alcove_2, nicolae_gozag_zags_fifth_avenue,
          kennysheep_orc_chapel
D:5:      layout_loops_ring, temple_garden, minmay_holes,
          sigmund_edmund_badplayer
D:6:      layout_basic, amcnicky_altar_gilded, biasface_ghost_orc_armoury
D:7:      kennysheep_spiral_hall, layout_gridville, jmf_multi_god_temple2,
          mainiacjoe_overflow_surrounded_room
D:8:      layout_loops_ring, hangedman_decor_push, lightli_minifort,
          uniq_maurice
D:9:      layout_layer_cave, mainiacjoe_overflow_alcove_4,
          hellmonk_lair_entry_icy, orc_0_dummy
D:10:     layout_layer_cave, makhleb_altar_promises_db,
          worldfamousw_hep_ancestral_shrine, uniq_snorg
D:11:     layout_cave_pools, minivault_16, nicolae_phantomly_mirrored,
          uniq_lodul, uniq_gastronok
Temple:   nicolae_temple_god_jail

Skill      XL: |  1  2  3  4  5  6  7  8  9 10 11 |
---------------+----------------------------------+-----
Maces & Flails | 3 4 5 6 7 9 10 | 10.8
Armour         | 4 5 6 8 10 | 10.6
Fighting       | 4 5 6 7 8 |  8.4
Shields        | 4 5 6 |  6.9
Dodging        | 1 |  1.1
Stealth        | 1 |  1.1
Invocations    | 1 3 |  3.1
Throwing       | |  0.2

Action                     |  1- 3 |  4- 6 |  7- 9 | 10-12 || total
---------------------------+-------+-------+-------+-------++-------
  Melee: Flail             |    52 |       |       |    37 ||    89
         Whip              |    44 |   235 |   448 |   347 ||  1074
         Morningstar       |       |       |       |    91 ||    91
  Throw: Dart              |       |       |       |     4 ||     4
 Invoke: Heroism           |       |       |       |     1 ||     1
 Armour: Scale mail        |    48 |    11 |       |       ||    59
         Chain mail        |       |    25 |       |       ||    25
         Plate armour      |       |    97 |   274 |   368 ||   739
  Dodge: Dodged            |    47 |    53 |    95 |   169 ||   364
  Block: Buckler           |    23 |    39 |    65 |   122 ||   249

Table legend: (Time is in decaauts)
 A = Elapsed time spent in this place.
 B = Non-inter-level travel time spent in this place.
 C = Inter-level travel time spent in this place.
 D = Time resting spent in this place.
 E = Time spent auto-exploring this place.
 F = Levels seen in this place.
 G = Mean time per level.
                   A        B        C        D        E       F      G
               +--------+--------+--------+--------+--------+-----+--------+
         Total |  12203 |  11663 |    540 |    399 |   9353 |  12 | 1016.9 |
       Dungeon |  12182 |  11661 |    521 |    399 |   9353 |  11 | 1107.5 |
        Temple |     20 |      2 |     18 |      0 |      0 |   1 |   20.0 |
               +--------+--------+--------+--------+--------+-----+--------+

Top non-repeatable levels by time:
     D:9: 1566 daAuts
     D:7: 1541 daAuts
     D:5: 1520 daAuts
     D:8: 1455 daAuts
    D:10: 1439 daAuts
     D:6: 1035 daAuts
     D:4: 1013 daAuts
     D:1: 981 daAuts
     D:2: 845 daAuts
     D:3: 550 daAuts
    D:11: 233 daAuts
  Temple: 20 daAuts
